AoeStats
← Battosai

Coastal Forest

513166360Analyzed
4v4 RM · 4d ago on Oct 12, 2026· 51m 50s· 8 players
Game mode
Random Map
Map size
Large (8 player)
Population
200
Speed
Normal
Resources
Standard
Victory
Conquest
Starting age
Dark Age
Ending age
Imperial Age
RankedLock teamsTeams togetherTeam positionsShared explorationLock speedFull tech treeHidden civsTurbo modeCheats
Victory
Defeat
🇨🇳 Varangians · China
952
+14
🇳🇱 Byzantines · Netherlands
942
+14
🇭🇰 Persians · Hong Kong SAR China
919
+15
🇨🇳 Franks · China
867
+16
vs
🇷🇺 Mapuche · Russia
914
-16
🇷🇺 Romans · Russia
905
-15
🇩🇪 Khmer · Germany
886
-14
🇦🇷 Magyars · Argentina
885
-14
Battosai
11:31 Feudal Age
12:42 Double-Bit Axe
12:37 Horse Collar
13:58 Wheelbarrow
13:09 Loom
18:27 Bloodlines
22:11 Scale Barding Armor
21:57 Fletching
26:32 Castle Age
26:02 Stone Mining
26:04 Gold Mining
26:57 Elite Skirmisher
27:43 Thumb Ring
28:06 Chain Barding Armor
27:42 Bodkin Arrow
27:15 Pikeman
27:59 Scale Mail Armor
27:32 Pikeman
32:23 Heavy Plow
35:52 Hand Cart
36:40 Hand Cart
37:03 Corvinian Army
43:24 Chain Mail Armor
45:26 Hand Cart
47:29 Padded Archer Armor
50:26 Imperial Age
51:35 Conscription
50:36 Elite Magyar Huszar
ToTheSun
0:27 Loom
11:53 Feudal Age
13:45 Double-Bit Axe
15:18 Bloodlines
26:30 Castle Age
25:54 Horse Collar
26:09 Gold Mining
29:56 Bow Saw
29:51 Heavy Plow
29:46 Stone Mining
30:32 Gold Shaft Mining
30:32 Scale Barding Armor
30:56 Husbandry
34:04 Wheelbarrow
34:14 Stone Shaft Mining
34:33 Chain Barding Armor
36:25 Hand Cart
40:14 Caravan
40:52 Ballistics
40:36 Tusk Swords
42:10 Town Watch
48:12 Imperial Age
45:44 Town Patrol
49:13 Double Crossbow
49:15 Elite Battle Elephant
49:33 Heavy Scorpion
50:51 Plate Barding Armor
unknxwwwn
14:05 Feudal Age
15:19 Double-Bit Axe
15:15 Horse Collar
21:20 Castle Age
24:09 Bow Saw
24:00 Heavy Plow
25:29 Stone Mining
25:30 Gold Mining
31:56 Imperial Age
30:39 Stone Shaft Mining
30:39 Gold Shaft Mining
31:35 Wheelbarrow
33:16 Forging
33:14 Padded Archer Armor
33:04 Fletching
33:40 Conscription
33:27 Butalmapu
34:30 Caravan
35:44 Hoardings
35:45 Crop Rotation
35:53 Iron Casting
36:21 Hand Cart
38:38 Murder Holes
38:24 Treadmill Crane
38:28 Elite Bolas Rider
40:55 Ballistics
41:00 Pikeman
42:01 Leather Archer Armor
41:41 Bodkin Arrow
42:47 Blast Furnace
43:53 Elite Skirmisher
46:22 Elite Kona
Royce
12:02 Feudal Age
18:43 Castle Age
29:58 Scale Barding Armor
31:49 Bloodlines
32:34 Husbandry
35:10 Double-Bit Axe
35:12 Horse Collar
36:31 Bow Saw
36:30 Heavy Plow
38:25 Forging
42:09 Wheelbarrow
43:28 Man-at-Arms
44:08 Squires
45:01 Long Swordsman
47:12 Iron Casting
46:38 Scale Mail Armor
53:06 Imperial Age
Branchi
11:27 Feudal Age
18:09 Castle Age
16:33 Loom
19:23 Castle Age
18:03 Double-Bit Axe
24:42 Bow Saw
25:42 Stone Mining
25:40 Horse Collar
27:38 Stone Shaft Mining
28:02 Gold Mining
29:41 Heavy Plow
34:25 Forging
34:22 Scale Barding Armor
35:07 Gold Shaft Mining
34:00 Pikeman
34:41 Squires
35:12 Fletching
35:26 Scale Mail Armor
36:02 Iron Casting
38:21 Imperial Age
38:36 Imperial Age
36:46 Wheelbarrow
38:08 Hand Cart
39:38 Halberdier
39:57 Capped Ram
41:24 Conscription
42:27 Two-Man Saw
45:21 Arson
46:54 Chain Mail Armor
48:22 Chain Barding Armor
47:35 Onager
48:07 Elite Cataphract
49:33 Logistica
Exusiai
12:33 Feudal Age
13:48 Double-Bit Axe
18:47 Castle Age
17:28 Fishing Lines
19:26 Gillnets
20:46 Fletching
20:57 Padded Archer Armor
21:36 Bow Saw
22:08 Gold Mining
25:16 Stone Mining
30:54 Imperial Age
31:44 Wheelbarrow
30:59 Loom
38:07 Hand Cart
38:56 Clinker Construction
39:11 Ballistics
40:08 Horse Collar
44:06 Chemistry
43:35 Shipwright
44:12 Gothikon
44:17 Elite Varangian Guard
45:47 Squires
45:33 Gambesons
45:33 Arson
46:11 Forging
46:01 Scale Mail Armor
46:22 Heavy Plow
48:28 Iron Casting
48:08 Chain Mail Armor
48:00 Scale Barding Armor
50:14 Blast Furnace
49:36 Husbandry
49:46 Bloodlines
51:20 Plate Mail Armor
51:11 Chain Barding Armor
Tamerlane
6:22 Loom
9:37 Feudal Age
10:05 Double-Bit Axe
12:31 Fletching
21:19 Castle Age
20:19 Padded Archer Armor
22:14 Bow Saw
22:46 Wheelbarrow
22:54 Bodkin Arrow
25:04 Husbandry
32:02 Leather Archer Armor
32:53 Ordonnance Companies
34:17 Gold Mining
40:54 Imperial Age
38:40 Hand Cart
38:10 Town Watch
39:41 Ballistics
41:09 Cranequins
42:53 Chemistry
42:08 Masonry
42:39 Forging
42:35 Scale Barding Armor
43:52 Block Printing
44:28 Heavy Mounted Crossbowman
45:31 Chain Barding Armor
47:38 Siege Engineers
48:04 Architecture
48:30 Iron Casting
48:16 Chain Barding Armor
triplefives
4:06 Loom
11:34 Feudal Age
11:59 Double-Bit Axe
12:05 Horse Collar
17:07 Forging
17:43 Bloodlines
21:06 Castle Age
20:27 Gold Mining
20:45 Scale Barding Armor
21:35 Husbandry
22:18 Iron Casting
21:08 Light Cavalry
23:10 Bow Saw
25:27 Wheelbarrow
30:30 Chain Barding Armor
30:19 Stone Mining
33:59 Imperial Age
31:46 Hand Cart
32:10 Gold Shaft Mining
33:06 Stone Shaft Mining
32:24 Fletching
33:35 Caravan
34:00 Heavy Plow
34:23 Murder Holes
34:51 Ballistics
36:04 Two-Man Saw
35:35 Masonry
37:15 Blast Furnace
39:29 Crop Rotation
38:26 Heavy Camel Rider
39:46 Conscription
40:53 Citadels
41:37 Kamandaran
42:29 Plate Barding Armor
41:50 Bodkin Arrow
42:22 Crossbowman
43:07 Thumb Ring
46:39 Bodkin Arrow
46:45 Padded Archer Armor
47:31 Elite War Elephant
Connection lost

Rejoining the realm…

Still unreachable

The connection could not be restored.

Session expired

The server has moved on; the page needs a fresh start.